 Dungeon Sprint DCSS version 0.18-a0-1805-g8ab820f (webtiles) character file.

130 Kidiri the Sneak (level 4, -1/20 HPs)
             Began as a Spriggan Enchanter on Apr 26, 2016.
             Slain by an iron imp (3 damage)
             ... summoned by a neqoxec
             ... in the Dungeon (Sprint II: "The Violet Keep of Menkaure").
             The game lasted 00:48:38 (55 turns).

Kidiri the Sneak (Spriggan Enchanter)                 Turns: 55, Time: 00:48:39

Health: -1/20      AC:  3    Str:  4      XL:     4   Next: 90%
Magic:  1/12       EV: 22    Int: 14 (16) God:
Gold:   0          SH:  0    Dex: 17      Spells: 1 memorised, 13 levels left

rFire  . . .     SeeInvis +     a - +1 dagger
rCold  . . .     Gourm    .     b - +1 robe
rNeg   . . .     Faith    .     (shield restricted)
rPois  .         Spirit   .     (helmet restricted)
rElec  .         Dismiss  .     (no cloak)
rCorr  .         Reflect  .     (gloves unavailable)
SustAt .         Harm     .     (boots unavailable)
MR     .....     NoTele   +     (no amulet)
Stlth  ++++......               (no ring)
                                (no ring)

@: exhausted, slowed, quick, not resistant to hostile enchantments, stealthy
A: unfitting armour, see invisible, herbivore 3, speed 3, frail 1, screaming 2,
slow metabolism 2
a: no special abilities


You were in the Dungeon.
You were not hungry.

You visited 1 branch

Inventory:

Hand Weapons
 a - a +1 dagger (weapon)
Armour
 b - a +1 robe (worn)
Scrolls
 j - a scroll of blinking
Potions
 g - a potion of haste
 h - 2 potions of magic
Books
 c - a book of Maledictions

   Spells                             Type                      Level
   a - Corona                         Hexes                        1
   b - Ensorcelled Hibernation        Hexes/Ice                    2
   c - Confuse                        Hexes                        3
   d - Tukima's Dance                 Hexes                        3
   e - Dazzling Spray                 Conjuration/Hexes            3
Comestibles
 d - a bread ration


   Skills:
 + Level 2.1 Fighting
 * Level 4.5 Short Blades
 + Level 1.9 Armour
 * Level 6.4 Dodging
 * Level 7.8 Stealth
 * Level 5.6 Spellcasting
 + Level 5.0 Hexes


You had 13 spell levels left.
You knew the following spells:

 Your Spells              Type           Power        Failure   Level  Hunger
a - Corona                Hex            ###....      2%          1    None


Dungeon Overview and Level Annotations

Branches:
Dungeon (1/1)

Altars:


Innate Abilities, Weirdness & Mutations

You are tiny and cannot use many weapons and most armour.
You have supernaturally acute eyesight.
You are a herbivore.
You cover ground extremely quickly.
You need consume almost no food.
You are frail (-10% HP).
You sometimes yell uncontrollably at your foes.


Message History

The neqoxec completely misses you. The iron imp hits you.
Casting: Corona
Confirm with . or Enter, or press ? or * to list all spells.
Aiming: Corona
Press: ? - help, Shift-Dir - straight line, f/p - neqoxec
Aim: a neqoxec (lightly wounded, chance to defeat MR: 38%)
The neqoxec resists with significant effort.
The neqoxec completely misses you. The iron imp barely misses you.
The neqoxec misses you.
You closely miss the neqoxec.
The neqoxec is lightly wounded.
The neqoxec gestures at you.
Something tries to feed on your intellect!
The iron imp hits you!
* * * LOW HITPOINT WARNING * * *
You hit the neqoxec.
The neqoxec is lightly wounded.
The neqoxec gestures.
The iron imp hits you.
You die...

## ##
##. .##
nn nn
.#. #+#
###5##
##3@5.+
#5##.##
#.###+#
##


You could see a neqoxec, an iron imp, a quasit and an ufetubus.

Vanquished Creatures
  A neqoxec (D)
1 creature vanquished.

Vanquished Creatures (others)
  A crocodile (D)
1 creature vanquished.

Grand Total: 2 creatures vanquished

Notes
Turn   | Place    | Note
--------------------------------------------------------------
     0 | D        | Kidiri the Spriggan Enchanter began the quest for the Orb.
     0 | D        | Reached XP level 1. HP: 9/9 MP: 5/5
     1 | D        | Noticed a necrophage
     1 | D        | Noticed a necrophage
     1 | D        | Noticed a necrophage
     1 | D        | Noticed a necrophage
     4 | D        | Noticed a neqoxec
     5 | D        | Noticed a neqoxec
     7 | D        | Noticed an iron imp
    20 | D        | Noticed an iron imp
    21 | D        | Gained mutation: You occasionally shout uncontrollably at your foes. [a neqoxec]
    22 | D        | Killed a neqoxec
    22 | D        | Reached skill level 1 in Armour
    22 | D        | Reached skill level 7 in Stealth
    22 | D        | Reached skill level 5 in Spellcasting
    22 | D        | Reached skill level 5 in Hexes
    22 | D        | Reached XP level 2. HP: 2/15 MP: 4/9
    22 | D        | Reached XP level 3. HP: 3/18 MP: 4/11
    22 | D        | Reached XP level 4. HP: 4/23 MP: 4/12
    28 | D        | Gained mutation: You sometimes yell uncontrollably at your foes. [a neqoxec]
    44 | D        | Killed a crocodile
    45 | D        | Noticed a neqoxec
    45 | D        | Gained mutation: You are frail (-10% HP). [a neqoxec]
    55 | D        | Slain by an iron imp

Vault maps used:
D:        the_violet_keep_of_menkaure

Skill      XL: |  1 |
---------------+----+-----
Fighting       | 2 |  2.1
Short Blades   | 4 |  4.5
Armour         | 1 |  1.9
Dodging        | 6 |  6.4
Stealth        | 7 |  7.8
Spellcasting   | 5 |  5.6
Hexes          | 5 |  5.0

Action                   |  1- 3 |  4- 6 || total
-------------------------+-------+-------++-------
Melee: Dagger            |    14 |    14 ||    28
 Cast: Corona            |     1 |     8 ||     9
  Use: Potion            |     1 |     2 ||     3
Dodge: Dodged            |     5 |    25 ||    30
